 Dungeon Crawl Stone Soup version 0.15-a0-1909-gd9acbb9 (console) character file.

544 Bikaver the Spear-Bearer (level 7, -3/50 HPs)
             Began as a Merfolk Skald on July 3, 2014.
             Slain by an ogre
             ... wielding a +0 giant club
              (18 damage)
             ... on Level 5 of the Dungeon on July 6, 2014.
             The game lasted 00:19:39 (5738 turns).

Bikaver the Spear-Bearer (Merfolk Skald)            Turns: 5738, Time: 00:19:39

HP  -3/50        AC  5     Str 12      XL: 7   Next: 27%
MP   4/12        EV 11     Int 13      God:
Gold 280         SH  0     Dex 14      Spells:  4 memorised,  1 level left

rFire  . . .     SeeInvis .     a - +0 spear
rCold  . . .     Clarity  .     b - +0 leather armour
rNeg   . . .     rCorr    .     (no shield)
rPois  .         rRot     .     (no helmet)
rElec  .         Spirit   .     (no cloak)
SustAb .         Warding  .     (no gloves)
rMut   .         Stasis   .     q - +1 pair of boots
Gourm  .                        (no amulet)
MR     .....                    (no ring)
                                (no ring)

@: infused, not resistant to hostile enchantments, very unstealthy
A: change form in water, swift swim
a: no special abilities


You were on level 5 of the Dungeon.
You were hungry.

You visited 1 branch of the dungeon, and saw 5 of its levels.

You collected 280 gold pieces.

Inventory:

Hand weapons
 a - a +0 spear (weapon)
Missiles
 o - 11 stones (quivered)
 t - 3 tomahawks of returning
Armour
 b - a +0 leather armour (worn)
 e - a cursed +0 chain mail
 q - a +1 pair of boots (worn)
Magical devices
 p - a wand of random effects (9)
Comestibles
 d - 3 bread rations
 h - a beef jerky
 m - 3 meat rations
Scrolls
 f - 2 scrolls of enchant armour
 i - a scroll of fog
 j - a scroll of remove curse {unknown}
 k - 2 scrolls of fear
 w - 2 scrolls of random uselessness {unknown}
 y - 2 scrolls of blinking
 z - 2 scrolls of identify
Potions
 g - 2 potions of flight
 l - 3 potions of curing {unknown}
 r - 2 potions of restore abilities {unknown}
 s - a potion of heal wounds {unknown}
 u - a potion of haste {unknown}
 v - 2 potions of agility {unknown}
Books
 c - a book of Battle

   Spells                             Type                      Level
   *Infusion                          Charms                       1
   *Shroud of Golubria                Charms/Translocation         2
   Song of Slaying                    Charms                       2
   *Spectral Weapon                   Hexes/Charms                 3
   *Regeneration                      Charms/Necromancy            3


   Skills:
 - Level 2.1 Fighting
 + Level 9.4 Polearms
 - Level 0.6 Armour
 - Level 1.3 Dodging
 - Level 2.0 Spellcasting
 + Level 5.5 Charms


You had one spell level left.
You knew the following spells:

 Your Spells              Type           Power        Failure   Level  Hunger
a - Infusion              Chrm           ###...       2%          1    ##.....
b - Shroud of Golubria    Chrm/Tloc      #.........   14%         2    ###....
c - Regeneration          Chrm/Necr      #.........   28%         3    ####...
d - Spectral Weapon       Hex/Chrm       #.......     28%         3    ####...


Dungeon Overview and Level Annotations

Branches:
Dungeon (5/15)
 Temple: D:4-7

Altars:
Ashenzari
Cheibriados
Qazlal


Message History

The ogre is lightly wounded.
The ogre hits you with a giant club!
You hit the ogre.
The ogre is lightly wounded.
You hit the ogre.
The ogre is moderately wounded.
The ogre hits you with a giant club!
You puncture the ogre!
The ogre is severely wounded.
You hit the ogre.
The ogre is almost dead.
The ogre hits you with a giant club!
* * * LOW HITPOINT WARNING * * *
Your shroud falls apart!
You barely miss the ogre.
The ogre is almost dead.
You hit the ogre.
The ogre is almost dead.
The ogre hits you with a giant club!!
You die...

.# #.# .# .# #.# ..
.[. ## #.# >... #.#
### ....# #.# ..#
#.#.. #.# #.# .... #.#
#.# ..#
##.########.##..##.#
#............@.(...#
#..#######..##O###...#
####.<..#####..# >#
...(...........# .#
.###.##.######## .#
)....##.# .# ####.##.#
.# # #.##[## .. #
#.#...####### #


You could see an ogre.

Vanquished Creatures
  A hippogriff (D:5)
  An ogre (D:5)
  A crimson imp (D:5)
  2 hounds (D:4)
  An iguana (D:5)
  Ijyb (D:2)
  6 adders
  A giant mite (D:3)
  A shadow imp (D:5)
  An inept item mimic (D:3)
  A worm (D:2)
  2 giant geckos
  3 orcs
  2 bat skeletons (D:4)
  8 giant cockroaches
  19 hobgoblins
  3 jackals
  9 kobolds
  2 quokkas
  A ball python (D:2)
  13 bats
  2 giant newts
  7 goblins
  4 rats
92 creatures vanquished.

Vanquished Creatures (others)
  A spectral weapon (D:5)
  A worker ant (D:5)
2 creatures vanquished.

Grand Total: 94 creatures vanquished

Notes
Turn   | Place    | Note
--------------------------------------------------------------
     0 | D:1      | Bikaver, the Merfolk Skald, began the quest for the Orb.
     0 | D:1      | Reached XP level 1. HP: 16/16 MP: 3/3
   360 | D:1      | Reached skill level 4 in Polearms
   360 | D:1      | Reached XP level 2. HP: 20/22 MP: 4/4
   366 | D:1      | Learned a level 2 spell: Shroud of Golubria
  1416 | D:1      | Reached XP level 3. HP: 27/27 MP: 1/6
  1553 | D:1      | Reached skill level 5 in Polearms
  1766 | D:2      | Learned a level 3 spell: Regeneration
  2318 | D:2      | Noticed Ijyb
  2368 | D:2      | Killed Ijyb
  2368 | D:2      | Reached XP level 4. HP: 23/33 MP: 0/7
  3287 | D:2      | Reached skill level 6 in Polearms
  3500 | D:2      | Reached XP level 5. HP: 31/38 MP: 3/9
  4302 | D:4      | Reached skill level 7 in Polearms
  4442 | D:4      | Found a stormy altar of Qazlal.
  4443 | D:4      | Found a snail-covered altar of Cheibriados.
  4444 | D:4      | Found a shattered altar of Ashenzari.
  4694 | D:4      | Noticed an ogre
  4696 | D:4      | Noticed an ogre
  4947 | D:4      | Reached XP level 6. HP: 27/44 MP: 10/10
  4985 | D:4      | Learned a level 3 spell: Spectral Weapon
  4986 | D:5      | Entered Level 5 of the Dungeon
  5144 | D:5      | Reached skill level 8 in Polearms
  5198 | D:5      | Noticed a hippogriff
  5221 | D:5      | Killed a hippogriff
  5221 | D:5      | Reached skill level 9 in Polearms
  5221 | D:5      | Reached skill level 5 in Charms
  5221 | D:5      | Reached XP level 7. HP: 18/50 MP: 0/12
  5730 | D:5      | Upgraded the game from 0.15-a0-1854-g6489380 to 0.15-a0-1909-gd9acbb9
  5738 | D:5      | Slain by an ogre

Action                   |  1- 3 |  4- 6 |  7- 9 || total
-------------------------+-------+-------+-------++-------
Melee: Spear             |   195 |   274 |    52 ||   521
 Cast: Infusion          |     7 |     7 |     2 ||    16
       Shroud of Golubri |     1 |     4 |     1 ||     6
       Spectral Weapon   |       |     2 |       ||     2
Evoke: Wand              |     1 |       |       ||     1
  Use: Scroll            |       |     8 |       ||     8
 Stab: Sleeping          |       |     1 |       ||     1
